 Dungeon Crawl Stone Soup version 0.20.1-1-g8b1a95d66d (webtiles) character file.

126 Jerry the Chopper (level 4, -4/36 HPs)
             Began as a Demonspawn Chaos Knight on Nov 20, 2017.
             Slain by an orc priest (5 damage)
             ... on level 3 of the Dungeon.
             The game lasted 00:03:58 (1696 turns).

Jerry the Chopper (Demonspawn Chaos Knight)         Turns: 1696, Time: 00:03:59

Health: -4/36      AC:  6    Str: 13    XL:     4   Next: 83%
Magic:  4/4        EV: 12    Int: 13    God:    Xom [..*...]
Gold:   86         SH:  0    Dex: 13    Spells: 3/3 levels left

rFire    . . .     SeeInvis .   a - +0 hand axe (chaos)
rCold    . . .     Gourm    .   (no shield)
rNeg     . . .     Faith    .   b - +2 leather armour
rPois    .         Spirit   .   n - +0 helmet (curse)
rElec    .         Reflect  .   (no cloak)
rCorr    .         Harm     .   (no gloves)
MR       .....                  (no boots)
Stlth    +.........             (no amulet)
Regen    0.2/turn               (no ring)
MPRegen  0.1/turn               (no ring)

@: no status effects
A: spiny 1, sturdy frame 2
a: Renounce Religion


You were on level 3 of the Dungeon.
You worshipped Xom.
You were a toy of Xom.
You were not hungry.

You visited 1 branch of the dungeon, and saw 3 of its levels.

You collected 86 gold pieces.

Inventory:

Hand Weapons
 a - a +0 hand axe of chaos (weapon)
Armour
 b - a +2 leather armour (worn)
 n - a cursed +0 helmet (worn)
Scrolls
 e - 5 scrolls of identify {unknown}
 o - a scroll of teleportation {unknown}
 p - a scroll of fog {unknown}
 q - a scroll of fear {unknown}
 r - a scroll of enchant armour {unknown}
Potions
 d - 2 potions of agility {unknown}
 f - a potion of might {unknown}
 h - a potion of curing {unknown}
 j - 2 potions of berserk rage {unknown}
 k - a potion of lignification {unknown}
 l - a potion of flight {unknown}
Comestibles
 c - 2 bread rations
 g - 8 chunks of flesh
 i - 4 fruits
 m - a meat ration


   Skills:
 + Level 3.6 Fighting
 * Level 4.0 Axes
 + Level 2.8 Armour
 - Level 1.1 Dodging


You had 3 spell levels left.
You didn't know any spells.

Dungeon Overview and Level Annotations

Branches:
Dungeon (3/15)

Altars:
Cheibriados
Dithmenos
Gozag


Innate Abilities, Weirdness & Mutations

You are partially covered in sharp spines.
Your movements are less encumbered by armour. (ER -4)


Message History

You barely miss the orc.
The orc priest begins to cast a cantrip, but forgets the words!
The orc hits you with a hand axe.
You hit the orc priest but do no damage.
You closely miss the orc.
The orc priest invokes the aid of Beogh against you.
Pain shoots through your body!
* * * LOW HITPOINT WARNING * * *
The orc is struck by your spines.
You kill the orc!
You closely miss the orc priest. The orc priest hits you.
* * * LOW HITPOINT WARNING * * *
You hit the orc priest but do no damage. "Hum-dee-hum-dee-hum..."
The orc priest is moving more slowly.
The orc priest hits you but does no damage.
You strike the helpless orc priest from behind!
You hit the orc priest. The orc priest hits you.
You die...
Xom cackles wildly!

#.# #.# #.#
#.# ####.#
.#####....#
..........#
.###.#.###
# #@#
#o)...#
...##.#
##.## #.#
#.# ..# #.#


You could see an orc priest (petrifying).

Vanquished Creatures
  Jessica (D:2)
  Robin (D:1)
  2 adders (D:2)
  An ooze (D:2)
  2 worms (D:2)
  A dart slug (D:3)
  A leopard gecko (D:2)
  3 orcs (D:3)
  A ball python (D:2)
  2 giant cockroaches
  9 goblins
  8 hobgoblins
  4 jackals
  A quokka (D:2)
  2 bats
  2 frilled lizards
  7 kobolds
  4 rats (D:1)
52 creatures vanquished.

Notes
Turn   | Place    | Note
-------+----------+-------------------------------------------
     0 | D:1      | Jerry the Demonspawn Chaos Knight began the quest for the Orb.
     0 | D:1      | Reached XP level 1. HP: 18/18 MP: 1/1
    45 | D:1      | Reached skill level 1 in Dodging
   630 | D:1      | Gained mutation: Your movements are slightly less encumbered by armour. (ER -2) [demonic ancestry]
   630 | D:1      | Reached XP level 2. HP: 24/24 MP: 2/2
   907 | D:2      | Found a shadowy altar of Dithmenos.
   918 | D:2      | Reached skill level 3 in Axes
   978 | D:2      | Gained mutation: You are partially covered in sharp spines. [demonic ancestry]
   978 | D:2      | Reached XP level 3. HP: 27/29 MP: 3/3
  1122 | D:2      | Noticed Robin
  1145 | D:2      | XOM: blink monster(s)
  1155 | D:1      | XOM: divination: magic mapping
  1159 | D:1      | Killed Robin
  1242 | D:2      | Gained mutation: Your movements are less encumbered by armour. (ER -4) [demonic ancestry]
  1242 | D:2      | Reached XP level 4. HP: 32/35 MP: 4/4
  1389 | D:2      | Noticed Jessica
  1400 | D:2      | Killed Jessica
  1411 | D:2      | Found an opulent altar of Gozag.
  1557 | D:2      | XOM: confuse monster(s)
  1653 | D:3      | Found a snail-covered altar of Cheibriados.
  1661 | D:3      | Reached skill level 4 in Axes
  1694 | D:3      | HP: 1/36 [orc priest (5)]
  1695 | D:3      | XOM: enchant monster (good)
  1696 | D:3      | Slain by an orc priest

Skill      XL: |  1  2  3  4 |
---------------+-------------+-----
Dodging        | 1 |  1.1
Armour         | 2 |  2.8
Axes           | 3 4 |  4.0
Fighting       | |  3.6

Action                   |  1- 3 |  4- 6 || total
-------------------------+-------+-------++-------
Melee: Hand axe          |    84 |    45 ||   129
 Stab: Petrified         |     2 |       ||     2
       Confused          |       |     1 ||     1
       Petrifying        |       |     1 ||     1
       Paralysed         |       |     1 ||     1
  Eat: Chunk             |     1 |     2 ||     3
Armor: Leather armour    |    37 |    10 ||    47
Dodge: Dodged            |    40 |    16 ||    56
